Map: [ESL] Ghost River

Players

FoxeR

  • Race: Terran Terran
  • Spawn Location: 1:00

NightMare - Winner!

  • Race: Protoss Protoss
  • Spawn Location: 11:00

Event: ESL Spring 2024 Finals

VOD

Have the link to the VOD?

Description

Time

  • Played on: May 31, 2024, 5:28 p.m.
  • Length: 8:51

All games in this series

Show
View Real Time Build Order
Export as new Build Order

FoxeR Terran 

Build Orders: Liberator Opening 

Get SALT Encoding   

  12  0:00  SCV  
  13  0:12  SCV  
  14  0:17  Supply Depot  
  14  0:24  SCV  
  15  0:38  SCV  
  15  0:40  Barracks  
  16  0:45  Refinery  
  16  0:50  SCV  
  16  0:53  Refinery  
  17  1:02  SCV  
  18  1:15  SCV  
  19  1:29  Orbital Command, Reaper  
  20  1:33  Supply Depot  
  20  1:44  Factory  
  20  1:55  SCV  
  21  2:06  Barracks Reactor  
  21  2:07  SCV  
  22  2:19  SCV  
  23  2:23  Command Center  
  23  2:28  Widow Mine  
  25  2:31  SCV  
  25  2:36  Starport  
  26  2:43  Supply Depot, Marine  
  27  2:46  Marine  
  27  2:49  SCV  
  29  2:54  Widow Mine  
  31  3:04  Marine  
  31  3:05  SCV  
  33  3:12  Marine  
  34  3:17  SCV  
  35  3:25  Factory Tech Lab  
  35  3:29  SCV  
  35  3:31  Marine, Bunker  
  35  3:32  Marine  
  36  3:36  Liberator  
  39  3:41  SCV  
  39  3:42  Bunker  
  37  3:49  Marine x2  
  33  4:07  Orbital Command, Marine x2  
  33  4:09  SCV  
  34  4:20  Siege Tank  
  34  4:22  SCV  
  36  4:34  SCV x2  
  36  4:37  Marine  
  39  4:42  Starport Tech Lab  
  39  4:43  Supply Depot  
  39  4:47  SCV  
  39  4:50  Supply Depot  
  40  4:54  SCV  
  40  4:57  Siege Tank  
  40  4:58  Marine  
  45  5:05  Marine  
  46  5:07  SCV  
  46  5:11  SCV  
  46  5:13  Raven  
  50  5:16  Marine  
  50  5:20  Orbital Command, SCV  
  52  5:23  Marine  
  52  5:29  Bunker  
  52  5:32  Barracks  
  52  5:34  Marine  
  53  5:36  SCV  
  53  5:39  Siege Tank  
  57  5:45  SCV  
  57  5:48  SCV  
  59  5:55  Marine  
  57  5:58  SCV  
  57  6:01  SCV, Barracks  
  57  6:06  Marine  
  57  6:10  SCV  
  56  6:13  SCV  
  56  6:14  Marine  
  55  6:20  Siege Tank  
  55  6:23  SCV  
  59  6:27  Refinery, Marine, Engineering Bay  
  59  6:33  Marine  
  59  6:35  SCV  
  59  6:36  Stimpack  
  59  6:39  SCV  
  62  6:46  Supply Depot  
  62  6:50  Starport Reactor  
  62  6:58  Supply Depot  
  62  7:00  Refinery, Factory Reactor  
  62  7:02  SCV x2, Marine x3  
  67  7:09  Marine  
  67  7:14  SCV  
  70  7:20  Marine x3  
  65  7:26  SCV, Marine  
  64  7:37  Marine  
  64  7:38  SCV  
  64  7:40  Supply Depot, Marine x2  
  64  7:43  Medivac  
  69  7:44  Marine  
  69  7:50  Orbital Command, SCV  
  71  7:57  Marine  
  62  8:02  Marine x2, Medivac  
  62  8:03  SCV  
  58  8:07  Marine  
  59  8:13  Refinery  
  59  8:17  Marine  
  59  8:19  Marine  
  60  8:25  SCV x2  
  63  8:29  Marine x2  
  65  8:37  SCV x2  
  69  8:43  Engineering Bay  
Show
View Real Time Build Order
Export as new Build Order

NightMare Protoss - Winner!

Build Orders: Blink Stalkers 

Get SALT Encoding   

  12  0:00  Probe  
  13  0:12  Probe  
  14  0:20  Pylon  
  14  0:26  Probe  
  15  0:38  Probe  
  15  0:42  Gateway  
  16  0:50  Probe  
  16  0:51  Assimilator  
  17  1:02  Probe  
  18  1:14  Probe  
  19  1:26  Probe  
  19  1:29  Zealot  
  19  1:30  Cybernetics Core  
  22  1:42  Pylon  
  22  1:58  Nexus  
  22  2:03  Stalker (Chrono Boost)  
  22  2:06  Warp Gate  
  22  2:07  Probe  
  25  2:13  Assimilator  
  25  2:22  Probe  
  26  2:23  Stalker (Chrono Boost)  
  28  2:34  Probe  
  29  2:43  Stalker (Chrono Boost), Pylon  
  31  2:51  Gateway  
  31  3:01  Probe  
  32  3:06  Twilight Council  
  32  3:11  Probe  
  33  3:13  Probe  
  34  3:23  Probe  
  34  3:25  Probe  
  33  3:35  Probe  
  33  3:36  Gateway  
  33  3:37  Probe  
  35  3:44  Blink (Chrono Boost)  
  35  3:47  Probe  
  36  3:49  Probe  
  37  3:55  Stalker  
  37  3:59  Probe  
  40  4:04  Stalker, Probe  
  43  4:11  Robotics Facility, Probe  
  43  4:17  Probe  
  45  4:20  Gateway  
  45  4:31  Stalker x2  
  45  4:35  Pylon, Probe x2  
  51  4:46  Stalker  
  51  4:47  Probe  
  51  4:48  Pylon  
  54  4:52  Shield Battery  
  54  4:53  Probe  
  55  5:00  Observer  
  55  5:02  Probe  
  55  5:03  Assimilator, Stalker  
  55  5:05  Probe  
  60  5:08  Stalker  
  62  5:16  Pylon  
  62  5:17  Probe x2  
  64  5:23  Charge (Chrono Boost)  
  64  5:44  Gateway  
  64  5:45  Gateway, Nexus  
  64  5:46  Pylon  
  64  5:50  Gateway  
  64  5:57  Probe x2  
  66  6:09  Probe  
  66  6:10  Probe  
  66  6:14  Gateway, Observer  
  66  6:15  Zealot x4  
  66  6:17  Gateway  
  70  6:22  Probe x2  
  72  6:26  Templar Archives  
  72  6:27  Pylon  
  72  6:37  Zealot x4  
  72  6:39  Probe  
  80  6:40  Observer, Probe  
  80  6:44  Pylon  
  80  6:52  Probe x2  
  82  6:56  Psionic Storm  
  82  6:58  Probe  
  82  7:00  Zealot x4  
  91  7:06  Zealot x2  
  91  7:07  Zealot  
  95  7:28  Warp Prism (Chrono Boost), High Templar x2  
  95  7:29  Probe x3, High Templar  
  104  7:34  Zealot x3, High Templar  
  112  7:37  Pylon  
  112  7:42  Probe  
  112  7:43  Probe x2  
  115  7:46  Pylon  
  115  7:47  Pylon  
  97  7:58  Zealot x4  
  97  7:59  Zealot  
  85  8:06  Probe x3  
  88  8:14  Zealot x4, Observer  
  94  8:22  Nexus  
  94  8:24  Pylon  
  94  8:30  Zealot x5  
  104  8:36  High Templar x3  
  107  8:51  Forge  
Tags
 
Add a new tag
Caveats
  • Supply blocks, unpowered buildings, or Contaminate may cause inaccurate times.
  • Supply counts are checked every 10 seconds.